cohdb
Replays
Latest Replays
All Replays
Popular Replays
Top Player Replays
Match Explorer
How It Works
Community
CoH3 Stats
Reddit
Sign in to upload your games and track your stats! →
Sign in with Steam
Match 44666105
Unlisted
Match 44666105
Overview
Messages
Build Orders
End
Panzergrenadier Squad
250 Light Carrier
Selects Italian Combined Arms Battlegroup
Selects Bersaglieri Squad
Panzergrenadier Squad
Construct Light Support Kompanie
MG34 Team
Construct Mechanized Kompanie
Veteran Squad Leaders
254 Reconnaissance Tractor
Selects Semovente da 75/18 Assault Gun
Marder III Tank Destroyer
2.5-tonne Medical Truck
Vehicle Survival Package
Marder III Tank Destroyer
Selects Strafing Run
254 Reconnaissance Tractor
Strafing Run
Selects Pact of Steel
FD5797
Wait What?
Jackie Lee
Naoji
Kimchi Man
Exf
Gravey
维维豆奶
0
0
Comments
sign in to comment!
No comments posted yet!